Map: Deathaura LE

Players

RyuKey

  • Race: Protoss Protoss
  • League: Diamond
  • Spawn Location: 11:00

Jaykantos - Winner!

  • Race: Zerg Zerg
  • League: Platinum
  • Spawn Location: 5:00

VOD

Have the link to the VOD?

Description

Time

  • Played on: June 19, 2020, 8:08 a.m.
  • Length: 14:13
Show
View Real Time Build Order
Export as new Build Order

RyuKey Protoss 

Build Orders: Colossus Rush 

Get SALT Encoding   

  12  0:01  Probe  
  13  0:13  Probe  
  14  0:18  Pylon  
  14  0:25  Probe  
  15  0:36  Probe  
  16  0:44  Probe  
  16  0:48  Gateway  
  17  0:52  Pylon, Probe  
  18  1:04  Forge  
  18  1:15  Pylon  
  18  1:18  Assimilator, Probe  
  19  1:34  Zealot  
  19  1:37  Photon Cannon  
  21  1:41  Pylon  
  21  1:50  Cybernetics Core  
  21  1:56  Pylon, Probe  
  22  2:17  Probe  
  22  2:18  Zealot  
  25  2:28  Shield Battery  
  25  2:29  Probe  
  26  2:34  Nexus  
  26  2:43  Photon Cannon  
  26  2:46  Warp Gate  
  26  2:50  Probe  
  27  3:02  Probe  
  27  3:03  Assimilator  
  28  3:07  Stalker  
  28  3:15  Probe  
  31  3:24  Robotics Facility  
  31  3:27  Probe  
  32  3:30  Pylon  
  32  3:39  Probe  
  33  3:43  Probe  
  33  3:51  Probe x2  
  34  3:58  Stalker  
  34  4:01  Probe  
  37  4:03  Probe  
  37  4:05  Observer  
  39  4:13  Probe  
  39  4:15  Probe  
  42  4:22  Probe  
  42  4:27  Probe  
  42  4:30  Probe  
  44  4:37  Warp Prism  
  47  4:39  Probe  
  47  4:40  Probe  
  47  4:43  Assimilator  
  47  4:44  Protoss Ground Weapons Level 1, Assimilator  
  49  4:50  Robotics Bay  
  49  4:51  Probe  
  49  4:52  Probe  
  51  5:03  Probe  
  51  5:04  Probe  
  53  5:15  Probe  
  53  5:16  Probe  
  53  5:20  Stalker  
  57  5:29  Gateway  
  57  5:34  Gateway  
  57  5:35  Gateway  
  61  5:36  Gateway  
  61  5:44  Pylon, Extended Thermal Lance  
  57  5:50  Stalker  
  57  5:51  Pylon  
  57  5:52  Colossus  
  57  5:54  Pylon  
  65  6:05  Pylon, Gateway  
  65  6:12  Pylon  
  65  6:13  Probe x2  
  67  6:25  Probe x2  
  68  6:29  Colossus  
  75  6:48  Probe x2  
  77  6:54  Sentry x5  
  77  7:00  Probe x2  
  89  7:12  Probe  
  90  7:16  Probe  
  90  7:20  Adept x5  
  101  7:26  Pylon  
  101  7:28  Pylon  
  101  7:29  Pylon  
  101  7:33  Pylon  
  101  7:34  Colossus  
  107  7:52  Zealot  
  107  7:53  Zealot x5  
  109  8:05  Pylon  
  109  8:09  Nexus  
  109  8:11  Photon Cannon  
  109  8:13  Stalker  
  109  8:14  Stalker x4, Photon Cannon  
  118  8:32  Stalker  
  120  8:35  Observer  
  120  8:38  Stalker x4  
  129  8:52  Warp Prism  
  124  9:20  Colossus  
  124  9:24  Nexus  
  124  9:27  Pylon  
  124  9:28  Pylon  
  106  10:10  Stalker  
  106  10:11  Stalker x5  
  80  10:40  Twilight Council  
  64  10:43  Stalker x5  
  64  10:44  Stalker  
  76  10:57  Nexus  
  76  11:02  Pylon  
  73  11:19  Blink  
  73  11:20  Stalker  
  74  11:25  Pylon  
  74  11:27  Immortal  
  66  11:36  Pylon  
  66  11:37  Pylon  
  66  11:41  Dark Shrine  
  66  11:44  Photon Cannon  
  65  11:47  Photon Cannon  
  61  12:02  Stalker x6  
  73  12:34  Disruptor  
  73  12:36  Pylon  
  74  12:48  Stalker x2  
  74  12:50  Stalker  
  74  12:51  Stalker x2  
  38  13:20  Dark Templar  
  38  13:21  Dark Templar x2  
  27  13:37  Dark Templar  
  27  13:38  Archon  
  27  13:41  Archon  
  29  13:46  Zealot x2  
  21  14:04  Dark Templar x2  
Show
View Real Time Build Order
Export as new Build Order

Jaykantos Zerg - Winner!

Build Orders: Pool First 

Get SALT Encoding   

  12  0:01  Drone  
  13  0:13  Overlord  
  13  0:17  Drone  
  14  0:34  Spawning Pool  
  13  0:37  Drone  
  14  0:45  Drone x2  
  16  0:50  Extractor  
  16  0:53  Drone  
  16  1:02  Drone  
  17  1:19  Hatchery  
  17  1:21  Drone  
  17  1:28  Drone  
  18  1:38  Drone  
  19  1:55  Hatchery  
  19  1:58  Drone x2  
  20  2:04  Overlord  
  20  2:13  Queen  
  22  2:27  Drone  
  22  2:28  Drone  
  24  2:33  Zergling x2  
  25  2:40  Drone  
  26  2:50  Drone x2  
  28  2:55  Metabolic Boost  
  28  2:57  Drone  
  29  3:03  Drone x2  
  31  3:07  Queen x2  
  31  3:10  Drone  
  31  3:11  Drone  
  37  3:14  Drone  
  38  3:20  Zergling x4  
  40  3:28  Spine Crawler  
  40  3:30  Spine Crawler, Drone  
  40  3:31  Drone  
  40  3:35  Drone x2  
  42  3:52  Overlord x2  
  42  4:00  Extractor  
  41  4:03  Drone  
  41  4:05  Overlord  
  41  4:06  Overlord  
  42  4:10  Drone x3  
  42  4:11  Drone x5  
  42  4:12  Drone  
  51  4:20  Drone x4  
  55  4:31  Lair  
  55  4:34  Drone x6  
  55  4:38  Overlord  
  61  4:41  Overlord  
  61  4:48  Drone x2  
  63  4:57  Evolution Chamber  
  63  4:58  Evolution Chamber  
  61  5:00  Drone x5  
  66  5:11  Extractor  
  66  5:13  Zergling x12  
  66  5:14  Extractor  
  70  5:21  Spore Crawler  
  70  5:23  Spore Crawler  
  68  5:28  Pneumatized Carapace  
  68  5:30  Drone x5  
  68  5:31  Drone x3  
  76  5:40  Zergling x2  
  76  5:41  Zergling x8  
  81  5:58  Spire  
  81  6:03  Zergling x4  
  82  6:04  Overlord  
  82  6:05  Overlord x5  
  82  6:12  Extractor  
  82  6:14  Extractor  
  80  6:19  Drone x2  
  80  6:25  Hatchery  
  80  6:49  Zergling x14  
  80  6:50  Zergling x12  
  93  7:02  Zerg Melee Weapons Level 1  
  93  7:03  Zerg Ground Armor Level 1  
  93  7:04  Zergling x2  
  93  7:05  Zergling x8  
  98  7:14  Queen x2  
  98  7:15  Mutalisk x5  
  109  7:23  Drone x6  
  115  7:34  Mutalisk  
  115  7:51  Zergling x8  
  115  7:52  Zergling x10  
  115  7:53  Mutalisk x3  
  130  8:07  Drone x6  
  136  8:21  Overlord x8  
  136  8:32  Infestation Pit  
  135  8:42  Mutalisk  
  135  8:43  Mutalisk x9  
  155  8:53  Zergling x6  
  154  9:13  Zergling x22  
  165  9:33  Corruptor  
  165  9:34  Corruptor x10  
  177  9:58  Mutalisk x8  
  133  10:21  Zergling x2  
  133  10:22  Zergling x20  
  138  10:37  Zergling x10  
  143  10:53  Corruptor x5  
  145  11:34  Mutalisk x6  
  145  11:35  Zergling x18  
  166  11:53  Mutalisk x2  
  168  12:01  Zergling x16  
  178  12:19  Zerg Flyer Weapons Level 1  
  178  12:25  Overseer  
  169  13:02  Zergling x12  
  169  13:03  Zergling x22  
  164  13:17  Zergling x8  
  160  13:25  Zergling x12  
  159  13:35  Zergling x6  
Tags
 
Add a new tag
Caveats
  • Supply blocks, unpowered buildings, or Contaminate may cause inaccurate times.
  • Supply counts are checked every 10 seconds.